 Dungeon Crawl Stone Soup version 0.24.1-5-g77f818bfca (webtiles) character file.

Game seed: 15022531476565409515, levelgen mode: deterministic

2989 Peloso the Carver (level 9, -5/78 HPs)
             Began as a Minotaur Fighter on Apr 23, 2020.
             Was a Believer of Okawaru.
             Slain by a manticore (10 damage)
             ... on level 8 of the Dungeon.
             The game lasted 00:12:44 (6658 turns).

Peloso the Carver (Minotaur Fighter)                Turns: 6658, Time: 00:12:45

Health: -5/78      AC: 15    Str: 23    XL:     9   Next: 53%
Magic:  8/8        EV: 12    Int:  8    God:    Okawaru [**....]
Gold:   275        SH: 17    Dex: 16    Spells: 8/8 levels left

rFire    . . .     SeeInvis .   a - +0 long sword
rCold    . . .     Gourm    .   c - +0 large shield
rNeg     . . .     Faith    .   F - +0 plate armour
rPois    .         Spirit   .   (helmet restricted)
rElec    .         Reflect  .   (no cloak)
rCorr    +         Harm     .   v - +1 pair of gloves "Xelo" {Int+3 Dex+5}
MR       .....                  (no boots)
Stlth    ..........             s - amulet of the acrobat
HPRegen  0.23/turn              A - +6 ring of evasion
MPRegen  0.11/turn              w - ring of resist corrosion

@: no status effects
A: retaliatory headbutt, horns 2
a: Heroism, Renounce Religion


You were on level 8 of the Dungeon.
You worshipped Okawaru.
Okawaru was pleased with you.
You were not hungry.

You visited 2 branches of the dungeon, and saw 9 of its levels.

You collected 365 gold pieces.
You spent 90 gold pieces at shops.

Inventory:

Hand Weapons
 a - a +0 long sword (weapon)
Armour
 b - a +0 scale mail
 c - a +0 large shield (worn)
 t - a +0 chain mail
 v - the +1 pair of gloves "Xelo" (worn) {Int+3 Dex+5}
   (You found it on level 6 of the Dungeon)

   It affects your intelligence (+3).
   It affects your dexterity (+5).
 F - a +0 plate armour (worn)
Jewellery
 k - a +2 ring of intelligence
 s - an amulet of the acrobat (around neck)
 u - an uncursed ring of see invisible
 w - a ring of resist corrosion (right hand)
 z - an uncursed ring of ice
 A - a +6 ring of evasion (left hand)
 E - a +5 ring of evasion
Wands
 r - a wand of paralysis (6)
 y - a wand of random effects (13)
Scrolls
 e - a scroll of identify
 g - 4 scrolls of enchant armour {unknown}
 h - a scroll of immolation
 i - 2 scrolls of enchant weapon
 j - a scroll of fog
 l - 2 scrolls of magic mapping {unknown}
 m - 5 scrolls of teleportation
 n - 4 scrolls of remove curse {unknown}
 o - a scroll of fear
 x - a scroll of brand weapon {unknown}
 B - a scroll of torment {unknown}
 G - a scroll of noise {unknown}
Potions
 d - 2 potions of might
 p - 3 potions of curing
 q - a potion of cancellation
 D - 2 potions of flight
Comestibles
 f - 12 rations


   Skills:
 + Level 6.6 Fighting
 + Level 9.6 Long Blades
 + Level 7.3 Armour
 + Level 3.8 Dodging
 + Level 0.6 Stealth
 + Level 9.2 Shields
 + Level 0.1 Invocations
 + Level 0.3 Evocations


You had 8 spell levels left.
You didn't know any spells.
Your spell library was empty.

Dungeon Overview and Level Annotations

Branches:
Dungeon (8/15)             Temple (1/1) D:6            Lair (0/6) D:8

Altars:
Ashenzari
Dithmenos
Elyvilon
Fedhas
Gozag
Hepliaklqana
Kikubaaqudgha
Makhleb
Nemelex Xobeh
Okawaru
Qazlal
Ru
Sif Muna
Trog
Uskayaw
Vehumet
Yredelemnul
Zin
The Shining One

Shops:
D:4 *

Annotations:
D:8 1 runed translucent door


Innate Abilities, Weirdness & Mutations

You reflexively headbutt those who attack you in melee.
You have a pair of horns on your head.


Message History

The manticore claws you but does no damage.
You block the manticore's attack.
You hit the manticore.
The manticore is severely wounded.
The manticore bites you!
* * * LOW HITPOINT WARNING * * *
The manticore claws you but does no damage.
You block the manticore's attack.
You hit the manticore but do no damage. You headbutt the manticore.
The manticore is almost dead.
The manticore bites you.
* * * LOW HITPOINT WARNING * * *
You block the manticore's attack. The manticore barely misses you.
You hit the manticore but do no damage.
The manticore is almost dead.
You block the manticore's attack. x3
You hit the manticore but do no damage. You headbutt the manticore.
The manticore is almost dead.
The manticore bites you!
You die...

.# .. .# ........###. .##
# ........... ..### ..
...........##..#.# ...
................###
.....##.................#
....#..................#
..<.....H†.....##......##
.......##@....####.#....##
...##..#.......###.###....
....##....##..........#..#
.............##.......#.##
#......>...###..........#
.##.....>.#.###...........
.........##..#............
.##..............###......
##........##...###...#..


You could see a manticore.

Vanquished Creatures
  A two-headed ogre (D:8)
  An ice beast (D:7)
  A black bear (D:7)
  2 sky beasts
  An orc warrior (D:7)
  5 phantoms
  4 ogres
  4 bullfrogs
  3 howler monkeys
  A centaur zombie (D:6)
  2 bullfrog zombies (D:7)
  A quasit (D:5)
  A hound (D:5)
  An orc priest (D:6)
  4 orc wizards
  A centaur skeleton (D:8)
  An iguana (D:5)
  5 worker ants
  A killer bee zombie (D:6)
  5 hound skeletons
  A gnoll (D:2)
  7 adders
  2 shadow imps
  A worm (D:4)
  2 adder skeletons
  An adder zombie (D:8)
  2 dart slugs
  4 leopard geckos
  14 orcs
  3 giant cockroaches
  4 goblins
  6 hobgoblins
  9 jackals
  A quokka (D:7)
  A bat (D:1)
  4 frilled lizards
  4 kobolds
  A leopard gecko skeleton (D:4)
  2 quokka skeletons (D:5)
  A quokka zombie (D:5)
  2 rats
117 creatures vanquished.

Notes
Turn   | Place    | Note
-------+----------+-------------------------------------------
     0 | D:1      | Peloso the Minotaur Fighter began the quest for the Orb.
     0 | D:1      | Reached XP level 1. HP: 19/19 MP: 0/0
   251 | D:1      | Reached XP level 2. HP: 25/27 MP: 1/1
   911 | D:2      | Reached XP level 3. HP: 33/33 MP: 2/2
  1245 | D:2      | Found a hide-covered altar of Uskayaw.
  2133 | D:4      | Noticed a phantom
  2160 | D:4      | HP: 1/33 [phantom (7)]
  2171 | D:4      | Killed a phantom
  2171 | D:4      | Reached XP level 4. HP: 18/41 MP: 3/3
  2171 | D:4      | Reached XP level 5. HP: 21/47 MP: 4/4
  2224 | D:4      | Noticed an ogre
  2228 | D:4      | Killed an ogre
  2228 | D:4      | Reached skill level 1 in Dodging
  2228 | D:4      | Reached skill level 5 in Shields
  2361 | D:4      | Reached XP level 6. HP: 9/53 MP: 5/5
  2694 | D:4      | Found a glowing golden altar of the Shining One.
  2715 | D:4      | Found a bloodstained altar of Trog.
  3013 | D:4      | Reached skill level 5 in Armour
  3257 | D:4      | Reached skill level 5 in Fighting
  3257 | D:4      | Reached skill level 5 in Long Blades
  3373 | D:4      | Found Tiegocw's General Store.
  3376 | D:4      | Bought a scroll of enchant weapon for 90 gold pieces
  3446 | D:4      | Reached XP level 7. HP: 61/61 MP: 6/6
  3473 | D:4      | Found a shimmering blue altar of Sif Muna.
  3476 | D:4      | Found a radiant altar of Vehumet.
  3478 | D:4      | Found a shadowy altar of Dithmenos.
  3737 | D:5      | Entered Level 5 of the Dungeon
  3790 | D:5      | Found a white marble altar of Elyvilon.
  4110 | D:5      | Found a sparkling altar of Nemelex Xobeh.
  4245 | D:5      | Found a stormy altar of Qazlal.
  4696 | D:6      | Got a pair of crude gloves
  4703 | D:6      | Identified the +1 pair of gloves "Xelo" {Int+3 Dex+5} (You
                  | found it on level 6 of the Dungeon)
  4857 | D:6      | Found a staircase to the Ecumenical Temple.
  4900 | Temple   | Entered the Ecumenical Temple
  4949 | Temple   | Became a worshipper of Warmaster Okawaru
  5118 | D:6      | Reached XP level 8. HP: 69/69 MP: 7/7
  5206 | D:6      | Found an opulent altar of Gozag.
  5747 | D:7      | Reached * piety under Okawaru
  6265 | D:7      | Found a shattered altar of Ashenzari.
  6275 | D:7      | Reached XP level 9. HP: 47/75 MP: 8/8
  6357 | D:7      | Reached ** piety under Okawaru
  6468 | D:8      | Found a staircase to the Lair.
  6468 | D:8      | Noticed a two-headed ogre
  6481 | D:8      | Killed a two-headed ogre
  6561 | D:8      | Found a runed translucent door.
  6575 | D:8      | Found Gamuhoello's Jewellery Shop.
  6636 | D:8      | Noticed a manticore
  6658 | D:8      | Slain by a manticore

Levels and vault maps discovered:
D:1:      co_arrival_random_square_maze, layout_basic,
          chequers_serial_rivers_small_a
D:2:      layout_loops_corners, lemuel_coloured_pillars_altar, st_stairs_14
D:3:      layout_loops_ring, first_ration
D:4:      layout_basic, chequers_temple_overflow_statue_of_worship, tgw_xom,
          nicolae_overflow_hidden_temple, serial_shops, shop
D:5:      layout_loops_corners, old_standard_altar,
          nemelex_xobeh_ov_fountains_minmay, elyvilon_altar_3, item_on_display_a
D:6:      layout_basic, nicolae_gozag_seed_capital,
          minmay_temple_entry_proselytizer
D:7:      layout_cave_pools, basic_altar, minivault_10
D:8:      layout_cave_pools, lair_entry_dummy, ebering_ghost_reflecting_pool,
          serial_shops, shop
Temple:   dpeg_three_leaves_temple

Skill      XL: |  1  2  3  4  5  6  7  8  9 |
---------------+----------------------------+-----
Fighting       | 4 5 6 |  6.6
Armour         | 4 5 6 7 |  7.3
Shields        | 4 5 6 8 9 |  9.2
Long Blades    | 4 5 6 8 9 |  9.6
Dodging        | 1 3 |  3.8
Stealth        | |  0.6
Invocations    | |  0.1
Evocations     | |  0.3

Action                   |  1- 3 |  4- 6 |  7- 9 || total
-------------------------+-------+-------+-------++-------
Melee: Long sword        |    93 |   121 |   320 ||   534
       Headbutt          |    13 |    20 |    69 ||   102
Invok: Heroism           |       |       |     1 ||     1
Evoke: Wand              |       |       |     3 ||     3
  Use: Potion            |     4 |     3 |       ||     7
       Scroll            |       |     3 |     4 ||     7
  Eat: Chunk             |     3 |     2 |     7 ||    12
       Ration            |       |     1 |     1 ||     2
Armor: Scale mail        |    35 |    35 |    39 ||   109
       Chain mail        |       |       |    62 ||    62
       Plate armour      |       |       |    26 ||    26
Dodge: Dodged            |    16 |    25 |    94 ||   135
Block: Shield            |     7 |       |       ||     7
       Large shield      |    57 |    72 |   283 ||   412
       Rpst.: Long sword |     6 |    10 |    17 ||    33
